 Dungeon Crawl Stone Soup version 0.29-a0-422-gafbd6decc1 (webtiles) character file.

Game seed: 1441420125218676783

634 jlumianski the Covered (level 7, -2/81 HPs)
             Began as a Demonspawn Fighter on May 18, 2022.
             Slain by a killer bee (6 damage)
             ... on level 4 of the Dungeon.
             The game lasted 00:14:00 (3817 turns).

jlumianski the Covered (Demonspawn Fighter)         Turns: 3817, Time: 00:14:03

Health: -2/81      AC:  8    Str: 24    XL:     7   Next: 24%
Magic:  7/7        EV: 10    Int: 10    God:
Gold:   248        SH:  6    Dex: 12    Spells: 6/6 levels left

rFire   . . .      SeeInvis .   a - +1 war axe
rCold   . . .      Faith    .   c - +1 buckler
rNeg    . . .      Spirit   .   b - +0 scale mail
rPois   .          Reflect  .   (helmet restricted)
rElec   .          Harm     .   (no cloak)
rCorr   .          Rampage  .   r - +0 pair of gloves
Will    .....                   (no boots)
Stlth   ..........              (no amulet)
HPRegen 0.23/turn               g - +6 ring of strength
MPRegen 0.10/turn               (no ring)

@: berserking, lethally poisoned (-2 -> -8), very quick
A: horns 2, ignite blood 1
a: no special abilities


You were on level 4 of the Dungeon.
You visited 1 branch of the dungeon, and saw 4 of its levels.

You collected 248 gold pieces.

Inventory:

Hand Weapons
 a - a +1 war axe (weapon)
 n - a +0 whip of venom
Missiles
 i - 84 stones
 j - 9 poisoned darts (quivered)
 q - 5 atropa-tipped darts
Armour
 b - a +0 scale mail (worn)
 c - a +1 buckler (worn)
 r - a +0 pair of gloves (worn)
Jewellery
 g - a +6 ring of strength (left hand)
 m - a ring of resist corrosion
Wands
 s - a wand of iceblast (2)
 x - a wand of acid (3)
Scrolls
 h - a scroll of magic mapping
 o - a scroll of teleportation
Potions
 d - 2 potions of might
 e - a potion of resistance
 f - a potion of invisibility
 k - a potion of brilliance
 l - 3 potions of degeneration
 p - 3 potions of haste
 t - a potion of attraction
 v - a potion of lignification
 z - a potion of mutation


   Skills:
 + Level 4.2 Fighting
 + Level 4.3 Axes
 + Level 1.3 Throwing
 + Level 4.5 Armour
 + Level 1.1 Dodging
 + Level 0.6 Stealth
 + Level 3.9 Shields


You had 6 spell levels left.
You didn't know any spells.
Your spell library contained the following spells:

 Spells                   Type           Power      Damage    Failure   Level
 Corpse Rot               Necr/Air       0%         N/A       87%         2
 Poisonous Vapours        Pois/Air       0%         N/A       87%         2
 Ignite Poison            Fire/Tmut/Pois 0%         N/A       98%         3
 Mephitic Cloud           Conj/Pois/Air  0%         N/A       98%         3
 Freezing Cloud           Conj/Ice/Air   0%         6-21      100%        5


Dungeon Overview and Level Annotations

Branches:
Dungeon (4/15)
 Temple: D:4-7

Altars:


Innate Abilities, Weirdness & Mutations

You have a pair of horns on your head.
Your demonic aura sometimes causes spilled blood to erupt in flames.


Message History

You are more poisoned.
The killer bee poisons you!
The killer bee stings you but does no damage.
You block the killer bee's attack. The killer bee closely misses you.
You completely miss the killer bee.
The killer bee is moderately wounded.
You slash the killer bee!
You feel very sick. The killer bee barely misses you.
The killer bee stings you.
You are more poisoned.
The killer bee poisons you!
The killer bee stings you but does no damage.
The killer bee barely misses you.
You closely miss the killer bee. Your headbutt misses the killer bee.
The killer bee is moderately wounded.
You barely miss the killer bee.
You feel very sick. You block the killer bee's attack.
The killer bee stings you but does no damage.
The killer bee stings you!
* * * LOW HITPOINT WARNING * * *
The killer bee stings you.
* * * LOW HITPOINT WARNING * * *
You block the killer bee's attack.
The killer bee stings you but does no damage.
A red film seems to cover your vision as you go berserk!
You feel yourself moving faster!
You feel mighty!
You feel very sick.
The killer bee stings you but does no damage.
The killer bee closely misses you.
The killer bee stings you but does no damage.
You block the killer bee's attack.
You miss the killer bee. Your headbutt misses the killer bee.
The killer bee is moderately wounded.
You slash the killer bee!
You kill the killer bee!
You feel sick. The killer bee stings you.
* * * LOW HITPOINT WARNING * * *
The killer bee stings you.
You die...

#..###.# .o. #...#..##
.#.o #.......###. .
#........##..# #
##...#.......#### ## .
###...##..........##.#..
.......)..#.............
......#)####............
...#..#.).##...y@.......
...#....................
...###.......).........#
..## #...............###
.####................#
..#............#.....#
..............##.....#
....##.................
..####......<.......#...


You could see a killer bee.

Vanquished Creatures
  A black bear (D:4)
  An ogre (D:2)
  A phantom (D:3)
  2 killer bees (D:4)
  4 hounds
  2 iguanas
  Robin (D:3)
  3 gnolls (D:3)
  5 adders
  2 worms
  A dart slug (D:3)
  3 orcs (D:4)
  8 endoplasms
  3 giant cockroaches
  16 goblins
  7 hobgoblins
  7 jackals (D:1)
  2 quokkas (D:2)
  5 ball pythons
  2 bats
  3 frilled lizards
  5 kobolds
  2 rats (D:1)
86 creatures vanquished.

Vanquished Creatures (others)
  3 plants (D:3)
3 creatures vanquished.

Grand Total: 89 creatures vanquished

Notes
Turn   | Place    | Note
-------+----------+-------------------------------------------
     0 | D:1      | jlumianski the Demonspawn Fighter began the quest for the
                  | Orb.
     0 | D:1      | Reached XP level 1. HP: 18/18 MP: 1/1
   177 | D:1      | Gained mutation: You have a pair of small horns on your
                  | head. [demonic ancestry]
   177 | D:1      | Reached XP level 2. HP: 6/24 MP: 2/2
   419 | D:1      | Found a faded altar of an unknown god.
  1246 | D:1      | Reached XP level 3. HP: 24/29 MP: 3/3
  1941 | D:2      | Gained mutation: Your demonic aura sometimes causes spilled
                  | blood to erupt in flames. [demonic ancestry]
  1941 | D:2      | Reached XP level 4. HP: 30/36 MP: 4/4
  2199 | D:3      | Noticed Robin
  2309 | D:3      | Noticed an ogre
  2450 | D:2      | Killed an ogre
  2451 | D:2      | Gained mutation: You have a pair of horns on your head.
                  | [demonic ancestry]
  2451 | D:2      | Reached XP level 5. HP: 42/42 MP: 5/5
  2611 | D:3      | Killed Robin
  2648 | D:3      | Noticed a phantom
  2665 | D:3      | Killed a phantom
  2666 | D:3      | Reached skill level 1 in Throwing
  2666 | D:3      | Reached XP level 6. HP: 35/48 MP: 6/6
  3608 | D:4      | Reached XP level 7. HP: 49/54 MP: 7/7
  3627 | D:4      | Reached skill level 1 in Dodging
  3817 | D:4      | HP: 4/81 [killer bee (6)]
  3817 | D:4      | Slain by a killer bee

Illustrated notes

Levels and vault maps discovered:
D:1:      minmay_arrival_checkered_box, layout_basic,
          hellmonk_ecumenical_altar_run_dry
D:2:      layout_rooms, minmay_3d_cube
D:3:      layout_rooms, serial_bayou_pond_a, uniq_robin
D:4:      layout_cave_pools, minmay_temple_entry_glass, grunt_ministairs_5

Skill      XL: |  1  2  3  4  5  6  7 |
---------------+----------------------+-----
Armour         | 3 4 |  4.5
Axes           | 2 3 4 |  4.3
Shields        | 3 |  3.9
Throwing       | 1 |  1.3
Fighting       | 4 |  4.2
Dodging        | 1 |  1.1
Stealth        | |  0.6

Action                   |  1- 3 |  4- 6 |  7- 9 || total
-------------------------+-------+-------+-------++-------
Melee: War axe           |    78 |    90 |    29 ||   197
       Headbutt          |     9 |    15 |     2 ||    26
Throw: Dart              |       |     4 |       ||     4
  Use: Scroll            |     9 |     4 |       ||    13
       Potion            |     1 |     3 |     1 ||     5
Armor: Scale mail        |    48 |    65 |    23 ||   136
Dodge: Dodged            |    36 |    47 |    25 ||   108
Block: Buckler           |    25 |    35 |    14 ||    74

Table legend: (Time is in decaauts)
 A = Elapsed time spent in this place.
 B = Non-inter-level travel time spent in this place.
 C = Inter-level travel time spent in this place.
 D = Time resting spent in this place.
 E = Time spent auto-exploring this place.
 F = Levels seen in this place.
 G = Mean time per level.
                   A        B        C        D        E       F      G
               +--------+--------+--------+--------+--------+-----+--------+
         Total |   3913 |   3894 |     19 |    521 |   2004 |   4 |  978.2 |
       Dungeon |   3913 |   3894 |     19 |    521 |   2004 |   4 |  978.2 |
               +--------+--------+--------+--------+--------+-----+--------+

Top non-repeatable levels by time:
     D:1: 1565 daAuts
     D:3: 1139 daAuts
     D:2: 959 daAuts
     D:4: 249 daAuts
